 Dungeon Crawl Stone Soup version 0.18-a0-1687-gc97eaad (webtiles) character file.

58 useraccount the Insei (level 3, 29/29 HPs)
             Began as a Demonspawn Monk on Mar 13, 2016.
             Was an Initiate of Ru.
             Quit the game on level 3 of the Dungeon.
             The game lasted 00:01:19 (1936 turns).

useraccount the Insei (Demonspawn Monk)             Turns: 1936, Time: 00:01:19

Health: 29/29      AC:  6    Str: 12    XL:     3   Next: 75%
Magic:  3/3        EV: 10    Int: 11    God:    Ru [......]
Gold:   96         SH:  0    Dex: 15    Spells: 0 memorised, 2 levels left

rFire  . . .     SeeInvis .       - Unarmed
rCold  . . .     Gourm    .     g - +0 scale mail
rNeg   . . .     Faith    .     (no shield)
rPois  .         Spirit   .     (no helmet)
rElec  .         Dismiss  .     (no cloak)
rCorr  .         Reflect  .     (no gloves)
SustAt .         Harm     .     (no boots)
MR     .....                    (no amulet)
Stlth  ++........               (no ring)
                                (no ring)

@: not resistant to hostile enchantments, unstealthy
A: nightstalker 1, powered by pain 1
a: Renounce Religion


You were on level 3 of the Dungeon.
You worshipped Ru.
Ru was noncommittal.
You were not hungry.

You visited 1 branch of the dungeon, and saw 3 of its levels.

You collected 96 gold pieces.

Inventory:

Armour
 g - a +0 scale mail (worn)
Jewellery
 a - an uncursed ring of ice
Wands
 m - a wand of random effects (10/48)
 o - a wand of acid (4/15)
Scrolls
 d - 2 scrolls of remove curse {unknown}
 h - a scroll of teleportation {unknown}
 k - 2 scrolls of identify {unknown}
Potions
 c - 2 potions of flight {unknown}
 e - a potion of curing {unknown}
 i - a potion of heal wounds {unknown}
Comestibles
 b - 3 bread rations
 f - 6 fruits
 j - a royal jelly
 l - a slice of pizza
 n - 2 chunks of flesh


   Skills:
 + Level 3.5 Fighting
 + Level 1.0 Armour
 + Level 3.0 Dodging
 - Level 1.7 Stealth
 * Level 4.2 Unarmed Combat


You had 2 spell levels left.
You didn't know any spells.

Dungeon Overview and Level Annotations

Branches:
Dungeon (3/15)

Altars:
Ru
Xom


Innate Abilities, Weirdness & Mutations

You are slightly more attuned to the shadows.
You sometimes gain a little power by taking damage.


Message History

o - a wand of acid No target in view!
No target in view!
Found 8 arrows.
No target in view!
You remove your ring of ice.
There is a faded altar to an unknown god here.
This altar will convert you to a god.
You cannot discern which.
Do you pray?
Okay, then.
This altar will convert you to a god.
You cannot discern which.
Do you pray?
Okay, then.
There is a faded altar to an unknown god here.
This altar will convert you to a god.
You cannot discern which.
Do you pray? [Y]es or [N]o only, please.
This altar will convert you to a god.
You cannot discern which.
Do you pray? [Y]es or [N]o only, please.
This altar will convert you to a god.
You cannot discern which.
Do you pray? Ru accepts your prayer! Ru welcomes you!
Are you sure you want to abandon this character and quit the game? (Confirm with "yes".)

#.............
#.............
#............(
#.............
#.[....#######
#......#
#......#
#...#..#
#..#@#.#
#...#..#
#......#
########


There were no monsters in sight!

Vanquished Creatures
  Ijyb (D:3)
  An adder (D:2)
  3 bats
  A giant cockroach (D:2)
  A goblin (D:2)
  2 hobgoblins
  6 kobolds
  2 quokkas (D:2)
  3 giant newts
  5 rats
25 creatures vanquished.

Notes
Turn   | Place    | Note
--------------------------------------------------------------
     0 | D:1      | useraccount the Demonspawn Monk began the quest for the Orb.
     0 | D:1      | Reached XP level 1. HP: 18/18 MP: 1/1
   614 | D:1      | Gained mutation: You sometimes gain a little power by taking damage. [demonic ancestry]
   614 | D:1      | Reached XP level 2. HP: 24/24 MP: 2/2
   979 | D:2      | Reached skill level 4 in Unarmed Combat
  1023 | D:2      | Found a shimmering altar of Xom.
  1417 | D:3      | Noticed Ijyb
  1419 | D:3      | Found a faded altar to an unknown god.
  1442 | D:2      | Gained mutation: You are slightly more attuned to the shadows. [demonic ancestry]
  1442 | D:2      | Reached XP level 3. HP: 6/29 MP: 3/3
  1732 | D:3      | Killed Ijyb
  1732 | D:3      | Reached skill level 1 in Armour
  1936 | D:3      | Became a worshipper of Ru the Awakened
  1936 | D:3      | Quit the game

Vault maps used:
D:1:      onia_arrival_pentagram
D:2:      xom_butterflies, first_bread
D:3:      ecumenical_altar_1, hangedman_decor_slide_cut,
          guppyfry_early_orc_mine, uniq_iyjb

Skill      XL: |  1  2  3 |
---------------+----------+-----
Unarmed Combat | 4 |  4.2
Armour         | 1 |  1.0
Dodging        | 3 |  3.0
Fighting       | |  3.5
Stealth        | |  1.7

Action                   || total
-------------------------++-------
Melee: Unarmed           ||   124
  Eat: Chunk             ||     3
